 Dungeon Crawl Stone Soup version 0.30-a0-322-g102857c98e (webtiles) character file.

Game seed: 1584699038806886474

6328 funkygono the Arsonist (level 10, -4/52 HPs)
             Began as a Gargoyle Fire Elementalist on Oct 27, 2022.
             Was a Follower of Vehumet.
             Shot with an arrow by a centaur warrior (14 damage)
             ... on level 8 of the Dungeon.
             The game lasted 00:17:14 (8675 turns).

funkygono the Arsonist (Gargoyle Fire Elementalist) Turns: 8675, Time: 00:17:15

Health: -4/52      AC: 16    Str: 12    XL:     10   Next: 95%
Magic:  28/32      EV: 12    Int: 20    God:    Vehumet [*.....]
Gold:   490        SH:  0    Dex: 10    Spells: 11/28 levels left

rFire   . . .      SeeInvis .    O - +2 whip (flame)
rCold   . . .      Faith    .    (no shield)
rNeg    + . .      Spirit   .    z - +2 robe {Will+}
rPois   ∞          Reflect  .    A - +0 helmet
rElec   +          Harm     .    F - +2 cloak
rCorr   .          Rampage  .    (no gloves)
Will    +....                    P - +0 pair of boots
Stlth   ++........               f - amulet of regeneration
HPRegen 1.08/turn                G - ring of wizardry
MPRegen 0.23/turn                x - ring of magical power

@: no status effects
A: sickness immunity, AC +7, negative energy resistance 1, electricity
resistance, torment resistance 1, petrification resistance
a: Renounce Religion


You were on level 8 of the Dungeon.
You worshipped Vehumet.
Vehumet was aware of your devotion.
You visited 2 branches of the dungeon, and saw 9 of its levels.

You collected 510 gold pieces.
You spent 20 gold pieces at shops.

Inventory:

Hand Weapons
 q - a +1 whip
 E - a +2 quarterstaff of chaos
 N - the +5 demon trident of Spores {drain, Will+}
   (You found it on level 7 of the Dungeon)

   A truly terrible weapon, it drains the life of any living foe it strikes.
   Will:      It increases your willpower.
 O - a +2 whip of flaming (weapon)
Missiles
 v - a throwing net
Armour
 a - a +2 buckler
 z - a +2 robe of willpower (worn)
 A - a +0 helmet (worn)
 F - a +2 cloak (worn)
 J - a +3 leather armour of cold resistance
 K - +0 steam dragon scales
 P - a +0 pair of boots (worn)
 R - +0 acid dragon scales
Magical Staves
 n - a staff of cold
 o - a staff of air
Jewellery
 e - a ring of protection from fire
 f - an amulet of regeneration (around neck)
 m - a ring of protection from fire
 x - a ring of magical power (right hand)
 G - a ring of wizardry (left hand)
Wands
 I - a wand of polymorph (6)
 L - a wand of paralysis (6)
 M - a wand of flame (19)
Scrolls
 h - 2 scrolls of immolation
 i - 2 scrolls of amnesia
 p - 5 scrolls of teleportation
 t - 2 scrolls of blinking
 y - a scroll of vulnerability
Potions
 b - 2 potions of magic
 c - a potion of cancellation {unknown}
 d - a potion of attraction {unknown}
 g - 3 potions of flight
 j - 2 potions of brilliance {unknown}
 k - 3 potions of curing
 l - 4 potions of might
 r - 2 potions of mutation {unknown}
 s - a potion of resistance {unknown}
 u - a potion of lignification {unknown}
 w - a potion of berserk rage {unknown}
 B - 3 potions of haste
 C - 2 potions of invisibility {unknown}
 D - 2 potions of ambrosia {unknown}
 H - 2 potions of heal wounds


   Skills:
 + Level 1.1 Fighting
 + Level 0.7 Maces & Flails
 + Level 2.5 Dodging
 + Level 4.0 Stealth
 * Level 9.8 Spellcasting
 * Level 7.3 Conjurations
 + Level 0.6 Translocations
 * Level 10.1 Fire Magic


You had 11 spell levels left.
You knew the following spells:

 Your Spells              Type           Power      Damage    Failure   Level
a - Foxfire               Conj/Fire      100%       2x1d9     1%          1
b - Scorch                Fire           100%       2d10      1%          2
c - Kindle Blastsparks    Fire/Tloc/Air  48%        2d14      1%          3
d - Flame Wave            Conj/Fire      44%        2d11      1%          4
e - Blink                 Tloc           24%        N/A       3%          2
f - Fireball              Conj/Fire      22%        3d10      2%          5

Your spell library contained the following spells:

 Spells                   Type           Power      Damage    Failure   Level
 Sandblast                Erth           18%        2d7       2%          1
 Kiss of Death            Conj/Necr      96%        2d12      1%          1
 Inner Flame              Hex/Fire       30%        N/A       1%          3
 Confusing Touch          Hex            9%         N/A       9%          3
 Starburst                Conj/Fire      22%        6d7       12%         6
 Manifold Assault         Tloc           12%        N/A       21%         4
 Dispel Undead            Necr           9%         3d8       26%         4
 Summon Lightning Spire   Summ/Air       9%         N/A       26%         4
 Storm Form               Tmut/Air       4%         N/A       100%        7
 Maxwell's Capacitive Co  Air            4%         ∞         100%        8


Dungeon Overview and Level Annotations

Branches:
Dungeon (8/15)             Temple (1/1) D:6            Lair (0/5) D:8

Altars:
Ashenzari
Cheibriados
Dithmenos
Elyvilon
Fedhas
Gozag
Kikubaaqudgha
Makhleb
Nemelex Xobeh
Okawaru
Qazlal
Ru
Sif Muna
Uskayaw
Vehumet
Wu Jian
Xom
Yredelemnul
Zin
The Shining One

Shops:
D:4 (*:   D:7 !

Annotations:
D:4 3 runed translucent doors, surr's ghost, amateur MiHs


Innate Abilities, Weirdness & Mutations

You are immune to sickness and miasma.
Your stone body is resilient. (AC +7)
You are immune to poison.
You resist negative energy. (rN+)
You are resistant to electric shocks. (rElec)
You are resistant to unholy torment.
You are immune to petrification.


Message History

The barbed spikes become lodged in your body.
Casting: Fireball (dangerous; 2% risk of failure)
Confirm with . or Enter, or press ? or * to list all spells.
Flames lash the manticore.
The manticore is moderately wounded.
The manticore's fire resistance burns away.
The manticore flicks its tail.
The volley of spikes hits you!
The barbed spikes become lodged in your body.
Casting: Scorch (safe; 1% risk of failure)
Confirm with . or Enter, or press ? or * to list all spells.
Flames lash the manticore.
The manticore is burned terribly!
The manticore is heavily wounded.
The manticore flicks its tail.
The volley of spikes hits you!!
The barbed spikes become lodged in your body.
* * * LOW HITPOINT WARNING * * *
Casting: Scorch (safe; 1% risk of failure)
Confirm with . or Enter, or press ? or * to list all spells.
Flames lash the manticore.
The manticore is burned terribly!
The manticore is almost dead.
Unknown command.
Casting: Scorch (safe; 1% risk of failure)
Confirm with . or Enter, or press ? or * to list all spells.
Flames lash the manticore.
The manticore is burned terribly!
You kill the manticore!
Vehumet accepts your kill.
Your Fire Magic skill increases to level 10!
Unknown command.
You carefully extract the barbed spikes from your body.
A centaur warrior comes into view.
A two-headed ogre comes into view.
It is wielding a +0 giant spiked club and a +0 giant club.
The centaur warrior wields a +0 longbow.
The centaur warrior shoots an arrow.
The arrow hits you!!
The two-headed ogre shouts in stereo!
The centaur warrior shoots an arrow.
The arrow hits you!!
* * * LOW HITPOINT WARNING * * *
The centaur warrior shoots an arrow.
The arrow closely misses you.
The centaur warrior shoots an arrow.
The arrow hits you!
You die...

## .⌠. #.. ##.# # #.. #.#.#
.# #..###. #.# ###.#
###.....###.## ....#
######...#.†.##...##...#
..........#.c#..#..#..#
####........O...##....#####
#.......####.@..........
####....... #####........
.........O#########.#..#...
#####....................##
..<................#######
...#.......##....###
####.....<....###########
...........####.........#
####.....#..# #.........#


You could see a centaur warrior and a two-headed ogre.

Vanquished Creatures
  Pikel (D:7)
  A manticore (D:8)
  Grinder (D:6)
  10 yaks (D:8)
  4 wyverns (D:8)
  An unseen horror simulacrum (D:8)
  3 steam dragons
  Menkaure (D:5)
  An acid dragon (D:7)
  5 water moccasins
  Duvessa (D:5)
  An ice beast (D:6)
  A centaur (D:7)
  2 ogres (D:5)
  3 phantoms
  2 lemures (D:7)
  2 kobold brigands
  4 necrophages
  3 bullfrogs (D:7)
  4 scorpions
  Dowan (D:5)
  2 electric eels (D:8)
  Crazy Yiuf (D:3)
  3 jellies
  An orc priest (D:4)
  A hound (D:4)
  2 iguanas
  2 orc wizards
  3 gnolls (D:2)
  3 adders
  3 white imps
  2 ufetubi (D:8)
  3 worms (D:3)
  3 dart slugs
  11 orcs
  5 bats
  8 endoplasms
  3 giant cockroaches
  2 goblins
  10 hobgoblins
  9 jackals (D:4)
  7 kobolds
  4 quokkas
  8 ball pythons
  2 frilled lizards
  4 rats
154 creatures vanquished.

Vanquished Creatures (collateral kills)
  2 foxfires (D:6)
2 creatures vanquished.

Vanquished Creatures (others)
  An orc wizard (D:5)
  482 foxfires
  5 fungi (D:6)
  7 plants (D:8)
495 creatures vanquished.

Grand Total: 651 creatures vanquished

Notes
Turn   | Place    | Note
-------+----------+-------------------------------------------
     0 | D:1      | funkygono the Gargoyle Fire Elementalist began the quest
                  | for the Orb.
     0 | D:1      | Reached XP level 1. HP: 10/10 MP: 3/3
   338 | D:1      | Reached XP level 2. HP: 15/15 MP: 3/5
   341 | D:1      | Learned a level 2 spell: Scorch
  1177 | D:2      | Reached XP level 3. HP: 19/19 MP: 4/6
  1181 | D:2      | Learned a level 3 spell: Kindle Blastsparks
  1281 | D:2      | Reached skill level 4 in Fire Magic
  1424 | D:2      | Reached XP level 4. HP: 24/24 MP: 5/7
  2434 | D:3      | Found a faded altar of an unknown god.
  2435 | D:3      | Noticed a kobold brigand
  2511 | D:3      | Killed a kobold brigand
  2512 | D:3      | Reached XP level 5. HP: 9/28 MP: 0/9
  2652 | D:3      | Found Ahainnod's Armour Shop.
  2767 | D:3      | Found a runed translucent door.
  2768 | D:3      | Noticed Crazy Yiuf
  3053 | D:3      | Killed Crazy Yiuf
  3248 | D:3      | Learned a level 4 spell: Flame Wave
  3465 | D:4      | Reached XP level 6. HP: 29/32 MP: 10/10
  3700 | D:4      | Found Docissau's General Store.
  3709 | D:4      | Bought a scroll of identify for 20 gold pieces
  3713 | D:4      | Found Cuopt's Weapon Emporium.
  3838 | D:4      | Reached skill level 5 in Fire Magic
  4280 | D:4      | Found a runed translucent gate.
  4280 | D:4      | Found an opulent altar of Gozag.
  4283 | D:4      | Found a runed translucent gate.
  4283 | D:4      | Found a runed translucent gate.
  4284 | D:4      | Noticed a water moccasin
  4284 | D:4      | Noticed surr's ghost (amateur MiHs)
  4291 | D:4      | Found Faru's Book Shoppe.
  4915 | D:4      | Learned a level 2 spell: Blink
  4953 | D:5      | Entered Level 5 of the Dungeon
  5006 | D:5      | Reached XP level 7. HP: 36/36 MP: 13/13
  5165 | D:5      | Reached skill level 6 in Fire Magic
  5254 | D:5      | Reached skill level 5 in Spellcasting
  5257 | D:5      | Reached XP level 8. HP: 41/41 MP: 14/15
  5448 | D:5      | Noticed Menkaure
  5455 | D:5      | Killed Menkaure
  5491 | D:5      | Noticed Duvessa
  5491 | D:5      | Noticed Dowan
  5504 | D:5      | Killed Duvessa
  5516 | D:5      | Killed Dowan
  5798 | D:6      | Reached skill level 7 in Fire Magic
  5859 | D:6      | Found a staircase to the Ecumenical Temple.
  5870 | Temple   | Entered the Ecumenical Temple
  5899 | Temple   | Became a worshipper of Vehumet
  6207 | D:6      | Learned a level 5 spell: Fireball
  6318 | D:6      | Found a blossoming altar of Fedhas.
  6438 | D:6      | Reached skill level 5 in Conjurations
  6438 | D:6      | Reached XP level 9. HP: 4/46 MP: 18/18
  6583 | D:6      | Noticed Grinder
  6604 | D:6      | Killed Grinder
  6767 | D:7      | Found Ocadut's Distillery.
  6888 | D:7      | Identified the +5 demon trident of Spores {drain, Will+}
  6927 | D:7      | Noticed Pikel
  6934 | D:7      | Killed Pikel
  6935 | D:7      | Reached skill level 8 in Fire Magic
  8057 | D:8      | Reached skill level 9 in Fire Magic
  8057 | D:8      | Reached XP level 10. HP: 31/51 MP: 19/22
  8067 | D:8      | Reached * piety under Vehumet
  8067 | D:8      | Offered knowledge of Sandblast by Vehumet.
  8068 | D:8      | Reached skill level 1 in Fighting
  8213 | D:8      | Found a staircase to the Lair.
  8630 | D:8      | Noticed a manticore
  8637 | D:8      | Killed a manticore
  8638 | D:8      | Reached skill level 10 in Fire Magic
  8670 | D:8      | Noticed a centaur warrior
  8670 | D:8      | Noticed a two-headed ogre
  8675 | D:8      | Shot with an arrow by a centaur warrior

Illustrated notes

Levels and vault maps discovered:
D:1:      lightli_arrival_windingriver, layout_basic
D:2:      layout_basic, minmay_pentomino_x4
D:3:      layout_basic, serial_shops, nicolae_shop_hallway_stairs,
          chequers_ecumenical_altar_simple_redux, uniq_crazy_yiuf_cottage
D:4:      layout_loops_corners, ebering_ghost_gozag, serial_co_window_serial,
          co_window_cross_1, co_window_paths_b, co_window_corner_a,
          co_window_corner_a, co_window_of_opportunity_a, co_window_paths_a,
          co_window_paths_a, co_window_paths_a, co_window_paths_a,
          co_window_of_opportunity_c, co_window_of_opportunity_b,
          co_window_corner_b, co_window_2corner, co_window_broadway_c,
          co_window_paths_e, co_window_4corner_a, glass_columns_b,
          glass_columns_a, glass_columns_b, glass_columns_a, glass_columns_a,
          serial_shops, shop_statue, shop_statue, nicolae_square_shop
D:5:      layout_rooms, minmay_misc_feat_square, st_stairs_6, uniq_duvessa,
          uniq_menkaure
D:6:      kennysheep_steamy, layout_basic, fedhas_altar_fruit_tree,
          minmay_temple_entry_slanted, uniq_grinder
D:7:      layout_gridville, serial_shops, shop, dk_noncrumbling_3,
          grunt_tough_drop, uniq_pikel
D:8:      layout_rooms, minmay_lair_entry_grove, serial_ice, serial_ice_m,
          serial_ice_b, serial_ice_f, serial_ice_a, kb_rosetta
Temple:   nicolae_temple_bog_church

Skill      XL: |  1  2  3  4  5  6  7  8  9 10 |
---------------+-------------------------------+-----
Fire Magic     | 4 5 6 7 9 10 | 10.1
Conjurations   | 2 3 5 6 7 |  7.3
Spellcasting   | 3 4 5 6 8 9 |  9.8
Dodging        | 2 |  2.5
Stealth        | 3 4 |  4.0
Fighting       | 1 |  1.1
Maces & Flails | |  0.7
Translocations | |  0.6

Action                   |  1- 3 |  4- 6 |  7- 9 | 10-12 || total
-------------------------+-------+-------+-------+-------++-------
Melee: Unarmed           |     8 |       |    14 |       ||    22
       Staff             |     2 |       |       |       ||     2
       Whip              |       |    13 |     8 |     2 ||    23
       Punch             |       |       |     1 |       ||     1
 Cast: Foxfire           |    40 |   105 |   116 |    24 ||   285
       Scorch            |     1 |    17 |    27 |     6 ||    51
       Flame Wave        |       |       |     5 |     4 ||     9
       Blink             |       |       |     1 |       ||     1
       Fireball          |       |       |       |     1 ||     1
  Use: Scroll            |       |    11 |     4 |       ||    15
       Potion            |       |       |       |     2 ||     2
Armor: Robe              |     5 |    17 |    14 |    13 ||    49
       Skin              |       |       |     4 |       ||     4
Dodge: Dodged            |    11 |    16 |    34 |    19 ||    80

Table legend: (Time is in decaauts)
 A = Elapsed time spent in this place.
 B = Non-inter-level travel time spent in this place.
 C = Inter-level travel time spent in this place.
 D = Time resting spent in this place.
 E = Time spent auto-exploring this place.
 F = Levels seen in this place.
 G = Mean time per level.
                   A        B        C        D        E       F      G
               +--------+--------+--------+--------+--------+-----+--------+
         Total |   8681 |   8389 |    292 |    606 |   6460 |   9 |  964.6 |
       Dungeon |   8454 |   8188 |    266 |    606 |   6278 |   8 | 1056.8 |
        Temple |    226 |    201 |     25 |      0 |    181 |   1 |  226.0 |
               +--------+--------+--------+--------+--------+-----+--------+

Top non-repeatable levels by time:
     D:4: 1678 daAuts
     D:7: 1279 daAuts
     D:3: 1133 daAuts
     D:2: 1093 daAuts
     D:1: 1047 daAuts
     D:6: 812 daAuts
     D:5: 777 daAuts
     D:8: 631 daAuts
  Temple: 226 daAuts
